 Dungeon Crawl Stone Soup version 0.27-a0-1202-ge72e491 (webtiles) character file.

Game seed: 17111871592029364130

144 Meow the Stinger (level 5, 45/45 HPs)
             Began as a Naga Venom Mage on June 1, 2021.
             Quit the game on level 2 of the Dungeon.
             The game lasted 00:04:44 (1814 turns).

Meow the Stinger (Naga Venom Mage)                  Turns: 1814, Time: 00:04:44

Health: 45/45      AC:  2    Str: 10    XL:     5   Next: 26%
Magic:  10/10      EV: 10    Int: 16    God:
Gold:   69         SH:  0    Dex: 12    Spells: 4/11 levels left

rFire    . . .     SeeInvis +   a - +0 hunting sling
rCold    . . .     Faith    .   (no shield)
rNeg     . . .     Spirit   .   e - +0 robe
rPois    +         Reflect  .   (no helmet)
rElec    .         Harm     .   (no cloak)
rCorr    +         Rampage  .   (no gloves)
Will     .....                  (no barding)
Stlth    ++........             (no amulet)
HPRegen  0.15/turn              g - ring of resist corrosion
MPRegen  0.12/turn              (no ring)

@: very slow
A: AC +1, large, see invisible, deformed body, poison resistance, slowness 2,
spit poison 1, naga tail 1
a: Spit Poison


You were on level 2 of the Dungeon.
You visited 1 branch of the dungeon, and saw 2 of its levels.

You collected 69 gold pieces.

Inventory:

Hand Weapons
 a - a +0 hunting sling (weapon)
 b - a +4 mace
 c - a +0 long sword of electrocution
Missiles
 h - 110 stones (quivered ammo)
 i - 26 bolts
 m - 44 arrows
 q - 8 poisoned darts
Armour
 e - a +0 robe (worn)
Jewellery
 g - a ring of resist corrosion (left hand)
Scrolls
 d - a scroll of teleportation {unknown}
 f - a scroll of blinking {unknown}
 j - a scroll of amnesia {unknown}
 p - a scroll of enchant armour {unknown}
Potions
 k - a potion of lignification {unknown}
 l - 2 potions of heal wounds {unknown}
 n - a potion of magic {unknown}
 o - 3 potions of curing {unknown}


   Skills:
 + Level 2.1 Fighting
 - Level 1.5 Dodging
 - Level 3.0 Stealth
 * Level 3.7 Spellcasting
 + Level 2.1 Conjurations
 - Level 1.0 Transmutations
 - Level 4.0 Poison Magic


You had 4 spell levels left.
You knew the following spells:

 Your Spells              Type           Power      Damage    Failure   Level
a - Sting                 Tmut/Pois      44%        1d5       6%          1
c - Mephitic Cloud        Conj/Pois/Air  9%         N/A       22%         3
C - Ignite Poison         Fire/Tmut/Pois 8%         N/A       26%         3

Your spell library contained the following spells:

 Spells                   Type           Power      Damage    Failure   Level
 Poisonous Vapours        Pois/Air       18%        N/A       12%         2
 Animate Skeleton         Necr           4%         N/A       17%         1
 Apportation              Tloc           4%         N/A       17%         1
 Corona                   Hex            2%         N/A       17%         1
 Summon Small Mammal      Summ           8%         N/A       17%         1
 Olgreb's Toxic Radiance  Pois           15%        N/A       32%         4


Dungeon Overview and Level Annotations

Branches:
Dungeon (2/15)

Altars:

Shops:
D:1 (


Innate Abilities, Weirdness & Mutations

Your serpentine skin is tough. (AC +1)
You have supernaturally acute eyesight. (SInv)
Armour fits poorly on your strangely shaped body.
Your system is resistant to poisons. (rPois)
You cover ground very slowly.
You can spit poison.
You have a snake-like lower body.


Message History

The splash of poison hits the bat.
You kill the bat!
You start waiting.
You have got your breath back.
Found a club.
A frilled lizard comes into view.
Fire: 111 stones
Press: ? - help, Q - select action, (/) - cycle Shift-Dir - straight line, f - frilled lizard
Aim: a frilled lizard (38% to hit)
You shoot a stone.
The stone completely misses the frilled lizard.
Unknown command.
Press: ? - help, Shift-Dir - straight line, f/p - frilled lizard
Aim: a frilled lizard The splash of poison hits the frilled lizard!
The frilled lizard is poisoned.
You kill the frilled lizard!
You see here a +0 club.
You have got your breath back.
r - a ring of fire Drop what? 18/52 slots (_ for help) (? for menu, Esc to quit)
You drop a ring of fire.
o - 3 blue potions (gained 1)
You now have 69 gold pieces (gained 8).
A ball python comes into view.
Press: ? - help, Shift-Dir - straight line, f - ball python
Aim: a ball python (asleep)
The splash of poison hits the ball python!
You kill the ball python!
Unknown command.
You have got your breath back.
You see here a ball python corpse.
Found an escape hatch in the ceiling.
There is an escape hatch in the ceiling here.
There is a stone staircase leading down here.
There is a stone staircase leading up here.
Done exploring.
Done exploring.
Okay, then.
Are you sure you want to abandon this character and quit the game? (Confirm with "yes".)

##.# #.# ##.#####.#########
##.#.............#
##...####.######.# ####.#
#.# #.# # #.# #.# #.# # #.#
#.# #.# ####.# #.# #.#
.....####.# #@# ####......#
#.# ###...##### #.#
.........#######.#
.##...##.........#
....).##.###############
.###..##.........>..##.##
####..##.##########.#...##
......##.##########......##


There were no monsters in sight!

Vanquished Creatures
  A black bear (D:2)
  An adder (D:2)
  A worm (D:2)
  A dart slug (D:2)
  3 ball pythons
  4 endoplasms
  3 giant cockroaches (D:1)
  5 goblins (D:2)
  2 hobgoblins (D:1)
  3 jackals (D:1)
  A quokka (D:2)
  6 bats
  2 frilled lizards
  8 rats
41 creatures vanquished.

Notes
Turn   | Place    | Note
-------+----------+-------------------------------------------
     0 | D:1      | Meow the Naga Venom Mage began the quest for the Orb.
     0 | D:1      | Reached XP level 1. HP: 15/15 MP: 3/3
   386 | D:1      | Reached XP level 2. HP: 24/24 MP: 5/5
   798 | D:1      | Reached skill level 1 in Fighting
   798 | D:1      | Reached skill level 1 in Conjurations
   825 | D:1      | Reached XP level 3. HP: 30/31 MP: 7/7
   829 | D:1      | Learned a level 3 spell: Ignite Poison
   833 | D:1      | Learned a level 3 spell: Mephitic Cloud
   936 | D:1      | Found Gyjoin's Antique Weapon Emporium.
  1092 | D:2      | Found a faded altar of an unknown god.
  1179 | D:2      | Noticed a black bear
  1181 | D:2      | Killed a black bear
  1182 | D:2      | Reached XP level 4. HP: 39/39 MP: 4/9
  1182 | D:2      | Reached XP level 5. HP: 45/45 MP: 4/10
  1814 | D:2      | Quit the game

Illustrated notes

Levels and vault maps discovered:
D:1:      amcnicky_arrival_gap_in_the_tavern_cellar, layout_basic, serial_shops,
          shop, item_on_display_a
D:2:      layout_loops_ring, ebering_ecumenical_altar_box

Skill      XL: |  1  2  3 |
---------------+----------+-----
Fighting       | 1 2 |  2.1
Conjurations   | 1 2 |  2.1
Spellcasting   | 3 |  3.7
Dodging        | |  1.5
Stealth        | |  3.0
Transmutations | |  1.0
Poison Magic   | |  4.0

Action                   |  1- 3 |  4- 6 || total
-------------------------+-------+-------++-------
Melee: Mace              |     5 |       ||     5
 Fire: Hunting sling     |    11 |     2 ||    13
 Cast: Sting             |    16 |       ||    16
       Ignite Poison     |     1 |       ||     1
 Abil: Spit Poison       |    32 |     6 ||    38
Armor: Robe              |     5 |       ||     5
Dodge: Dodged            |    11 |       ||    11

Table legend: (Time is in decaauts)
 A = Elapsed time spent in this place.
 B = Non-inter-level travel time spent in this place.
 C = Inter-level travel time spent in this place.
 D = Time resting spent in this place.
 E = Time spent auto-exploring this place.
 F = Levels seen in this place.
 G = Mean time per level.
                   A        B        C        D        E       F      G
               +--------+--------+--------+--------+--------+-----+--------+
         Total |   2377 |   2233 |    144 |    269 |   1690 |   2 | 1188.5 |
       Dungeon |   2377 |   2233 |    144 |    269 |   1690 |   2 | 1188.5 |
               +--------+--------+--------+--------+--------+-----+--------+

Top non-repeatable levels by time:
     D:1: 1278 daAuts
     D:2: 1099 daAuts
